AoeStats
← 不要忘了我们曾经为何而战

Arabia

510099226Analyzed
1v1 RM · 21h ago on Sep 29, 2026· 41m 21s· 2 players
Game mode
Random Map
Map size
Tiny (2 player)
Population
200
Speed
Normal
Resources
Standard
Victory
Conquest
Starting age
Dark Age
Ending age
Imperial Age
RankedLock teamsTeams togetherTeam positionsShared explorationLock speedFull tech treeHidden civsTurbo modeCheats
Victory
Defeat
🇨🇴 Britons · Colombia
1205
-16
LordCalingo
6:30 Loom
9:01 Feudal Age
9:32 Man-at-Arms
11:30 Double-Bit Axe
13:48 Horse Collar
14:56 Wheelbarrow
20:58 Castle Age
22:05 Hand Cart
22:27 Bow Saw
23:23 Fletching
27:46 Town Watch
34:55 Scale Mail Armor
38:04 Imperial Age
36:25 Bodkin Arrow
36:12 Long Swordsman
36:41 Gambesons
37:24 Squires
37:13 Arson
38:04 Chain Mail Armor
38:47 Forging
38:11 Two-Handed Swordsman
39:13 Conscription
40:18 Plate Mail Armor
39:49 Gold Mining
41:03 Iron Casting
不要忘了我们曾经为何而战
6:29 Loom
9:25 Feudal Age
10:13 Double-Bit Axe
10:22 Horse Collar
14:05 Fletching
22:22 Castle Age
21:03 Gold Mining
21:34 Scale Barding Armor
24:33 Wheelbarrow
23:59 Crossbowman
24:02 Elite Skirmisher
24:55 Heavy Plow
25:07 Bow Saw
30:04 Bodkin Arrow
35:36 Imperial Age
34:16 Hand Cart
34:46 Ballistics
34:24 Stone Mining
34:54 Husbandry
35:17 Chain Barding Armor
35:08 Forging
36:48 Conscription
36:48 Bracer
38:18 Chemistry
37:59 Plate Barding Armor
39:05 Two-Man Saw
38:31 Murder Holes
38:47 Padded Archer Armor
38:17 Heavy Camel Rider
40:05 Iron Casting
40:31 Light Cavalry
41:45 Devotion
Connection lost

Rejoining the realm…

Still unreachable

The connection could not be restored.

Session expired

The server has moved on; the page needs a fresh start.